 Dungeon Crawl Stone Soup version 0.28-b1-25-g9875b3fc8c (webtiles) character file.

Game seed: 15904719512466491239

2709 dorian the Frost Mage (level 9, -16/82 (85) HPs)
             Began as a Barachi Ice Elementalist on Feb 7, 2022.
             Was a Believer of Cheibriados.
             Killed by vampiric draining
             ... invoked by a vampire
              (17 damage)
             ... on level 7 of the Dungeon.
             The game lasted 00:31:53 (11001 turns).

dorian the Frost Mage (Barachi Ice Elementalist)   Turns: 11001, Time: 00:31:53

HP:   -16/82 (85)   AC: 13    Str: 14    XL:     9   Next: 66%
MP:   15/22         EV: 12    Int: 24    God:    Cheibriados [**....]
Gold: 331           SH:  5    Dex: 16    Spells: 8/26 levels left

rFire   . . .      SeeInvis .   h - +3 rapier (holy)
rCold   . . .      Faith    .   (no shield)
rNeg    . . .      Spirit   .   a - +0 robe
rPois   .          Reflect  +   c - +1 hat
rElec   .          Harm     .   k - +0 cloak
rCorr   .          Rampage  .   (no gloves)
Will    .....                   (no boots)
Stlth   ..........              n - amulet of reflection
HPRegen 0.23/turn               b - ring of flight
MPRegen 0.18/turn               (no ring)

@: berserking (expiring), ice-armoured, flying, lightly drained, very slow
A: amphibious, slowness 1, strong legs 1, +LOS
a: Hop, Renounce Religion, Bend Time


You were on level 7 of the Dungeon.
You worshipped Cheibriados.
Cheibriados was pleased with you.
You visited 2 branches of the dungeon, and saw 9 of its levels.

You collected 331 gold pieces.

Inventory:

Hand Weapons
 h - a +3 rapier of holy wrath (weapon)
Armour
 a - a +0 robe (worn)
 c - a +1 hat (worn)
 k - a +0 cloak (worn)
Magical Staves
 i - a staff of conjuration
Jewellery
 b - a ring of flight (left hand)
 n - an amulet of reflection (around neck)
Wands
 d - a wand of acid (6)
 e - a wand of iceblast (16)
 m - a wand of charming (5)
Scrolls
 f - a scroll of amnesia
 j - a scroll of fear
 o - a scroll of teleportation
 s - a scroll of silence
 v - a scroll of magic mapping
 w - a scroll of holy word {unknown}
 y - a scroll of immolation {unknown}
Potions
 g - a potion of haste
 l - a potion of brilliance
 p - 2 potions of lignification
 r - a potion of curing
 t - a potion of flight {unknown}
 u - a potion of ambrosia {unknown}
 x - a potion of might {unknown}
 z - a potion of mutation {unknown}


   Skills:
 - Level 2.1 Dodging
 - Level 1.7 Stealth
 + Level 9.4 Spellcasting
 + Level 11.9 Ice Magic


You had 8 spell levels left.
You knew the following spells:

 Your Spells              Type           Power      Damage    Failure   Level
a - Freeze                Ice            100%       1d11      1%          1
b - Ozocubu's Armour      Ice            62%        N/A       1%          3
c - Frozen Ramparts       Ice            100%       1d12      1%          3
d - Hailstorm             Conj/Ice       39%        3d9       4%          4
e - Ozocubu's Refrigerat  Ice            31%        4d11      34%         7

Your spell library contained the following spells:

 Spells                   Type           Power      Damage    Failure   Level


Dungeon Overview and Level Annotations

Branches:
Dungeon (8/15)             Temple (1/1) D:4
   Lair: D:8-11

Altars:
Cheibriados
Dithmenos
Elyvilon
Fedhas
Hepliaklqana
Makhleb
Okawaru
Qazlal
Ru
Sif Muna
Trog
Uskayaw
Vehumet
Wu Jian
Xom
Zin
The Shining One

Annotations:
D:7 Maggie
D:8 Gastronok


Innate Abilities, Weirdness & Mutations

You are amphibious.
You cover ground slowly.
You can hop short distances.
You have an extended range of vision and can be seen from far away.


Message History

You feel mighty!
The wyvern skeleton bites you but does no damage.
You block something's attack. Something bites you but does no damage.
Your icy armour will break if you move.
Continue? [Y]es or [N]o only, please.
Your icy armour will break if you move.
Continue?
Okay, then.
Unknown command.
Your icy armour will break if you move.
Continue?
Okay, then.
You closely miss something. You block the wyvern skeleton's attack.
Something hits you! Something bites you!
Something draws strength from your injuries!
The wyvern skeleton bites you.
You puncture something! Something hits you.
* * * LOW HITPOINT WARNING * * *
Something bites you.
* * * LOW HITPOINT WARNING * * *
Something draws strength from your injuries!
The wyvern skeleton bites you but does no damage.
You hit something. Your punch misses something.
The wyvern skeleton bites you but does no damage.
Something hits you.
* * * LOW HITPOINT WARNING * * *
You block something's attack. The wyvern skeleton barely misses you.
Something hits you.
* * * LOW HITPOINT WARNING * * *
Something bites you!
* * * LOW HITPOINT WARNING * * *
Something draws strength from your injuries!
You are too berserk!
You are too berserk!
Okay, then.
Your icy armour will break if you move.
Continue?
Uppercase [Y]es or [N]o only, please.
Your icy armour will break if you move.
Continue?
You barely miss something.
The wyvern skeleton completely misses you.
Something draws life force from you!
You die...

...##..## .zz# .z..
..... ...... #..####
## ###### #..# ..
#..#....## ...(
.....#......#
.....'..Z@<.#
.....#...{.##########
##. ##...)##.......#
##.............#
#..............#
##....##.......#
#....##.(.....#
#.....+>......#
#....##.......#


You could see a wyvern skeleton.

Vanquished Creatures
  A wraith (D:4)
  Eustachio (D:5)
  2 water moccasins
  2 sky beasts
  2 ogres (D:5)
  2 necrophages
  A centaur (D:6)
  2 phantoms (D:5)
  A bullfrog (D:4)
  3 scorpions
  A wyvern zombie (D:6)
  A water moccasin skeleton (D:5)
  7 wights
  2 centaur zombies (D:5)
  2 jellies
  2 bullfrog skeletons
  3 hounds
  An iguana (D:4)
  A gnoll shaman (D:6)
  Terence (D:2)
  An orc wizard (D:5)
  A howler monkey zombie (D:6)
  6 adders
  18 gnolls
  A white imp (D:3)
  An adder skeleton (D:4)
  A worm (D:2)
  A dart slug (D:4)
  6 orcs
  3 bats
  5 endoplasms
  2 giant cockroaches
  3 goblins
  3 hobgoblins
  7 jackals
  4 quokkas
  6 ball pythons
  2 frilled lizards (D:2)
  2 kobolds
  8 rats
119 creatures vanquished.

Vanquished Creatures (collateral kills)
  3 wights (D:7)
3 creatures vanquished.

Vanquished Creatures (others)
  2 demonic plants (D:2)
2 creatures vanquished.

Grand Total: 124 creatures vanquished

Notes
Turn   | Place    | Note
-------+----------+-------------------------------------------
     0 | D:1      | dorian the Barachi Ice Elementalist began the quest for the
                  | Orb.
     0 | D:1      | Reached XP level 1. HP: 13/13 MP: 3/3
   241 | D:1      | Reached skill level 5 in Ice Magic
   288 | D:1      | Reached XP level 2. HP: 17/19 MP: 2/5
   728 | D:2      | Found a faded altar of an unknown god.
   728 | D:2      | Noticed a reaper
   866 | D:2      | Noticed Terence
  1124 | D:1      | Reached XP level 3. HP: 11/24 MP: 0/7
  1283 | D:1      | Learned a level 3 spell: Ozocubu's Armour
  1457 | D:2      | Killed Terence
  1917 | D:2      | Reached XP level 4. HP: 30/30 MP: 7/9
  2289 | D:3      | Noticed a sky beast
  2298 | D:3      | Killed a sky beast
  2299 | D:3      | Reached skill level 6 in Ice Magic
  2299 | D:3      | Reached XP level 5. HP: 7/35 MP: 1/11
  3416 | D:3      | Reached XP level 6. HP: 12/41 MP: 10/12
  3737 | D:3      | Reached skill level 7 in Ice Magic
  4097 | D:4      | Reached skill level 5 in Spellcasting
  4440 | D:4      | Noticed a necrophage
  4477 | D:4      | Killed a necrophage
  4478 | D:4      | Reached XP level 7. HP: 27/46 MP: 5/15
  4614 | D:4      | Found a blossoming altar of Fedhas.
  5221 | D:3      | Learned a level 3 spell: Frozen Ramparts
  5287 | D:4      | You fall into a shaft and drop 3 floors!
  5323 | D:7      | Reached skill level 8 in Ice Magic
  5352 | D:7      | Noticed a vampire
  5364 | D:8      | Noticed a vampire mosquito
  5643 | D:8      | Noticed Gastronok
  5839 | D:5      | Entered Level 5 of the Dungeon
  6240 | D:4      | Found a staircase to the Ecumenical Temple.
  6254 | Temple   | Entered the Ecumenical Temple
  6484 | Temple   | Became a worshipper of Cheibriados the Contemplative
  6568 | D:4      | Reached skill level 9 in Ice Magic
  6568 | D:4      | Reached XP level 8. HP: 44/52 MP: 8/17
  6935 | D:5      | Noticed a wraith
  6957 | D:4      | Killed a wraith
  7522 | D:4      | Learned a level 4 spell: Hailstorm
  7717 | D:5      | Noticed Eustachio
  7736 | D:5      | Killed Eustachio
  8317 | D:5      | Reached skill level 10 in Ice Magic
  8487 | D:5      | Reached * piety under Cheibriados
  8575 | D:5      | Reached XP level 9. HP: 46/57 MP: 14/21
  9035 | D:6      | Reached skill level 11 in Ice Magic
  9058 | D:5      | Learned a level 7 spell: Ozocubu's Refrigeration
  9913 | D:6      | Reached ** piety under Cheibriados
 10697 | D:7      | Noticed Maggie
 11000 | D:7      | HP: 1/82 [something (9)]
 11001 | D:7      | Killed from afar by a vampire

Illustrated notes

Levels and vault maps discovered:
D:1:      sevenhm_arrival_forest_fort_small_4, layout_rooms,
          hangedman_abyss_or_decor_lesser_grid
D:2:      layout_basic, dreamdust_ecumenical_altar_sealed_demon, serial_glass,
          glass_columns_b, glass_columns_c, uniq_terence
D:3:      layout_loops_cross
D:4:      layout_gridville, mainiacjoe_overflow_surrounded_room,
          minmay_temple_entry_statues_fountains
D:5:      layout_basic, kennysheep_generic_room_8, uniq_eustachio
D:6:      layout_layer_cave
D:7:      layout_gridville, uniq_maggie
D:8:      layout_cave_pools, mainiacjoe_overflow_brackets,
          evilmike_ruin_ashenzari, serial_rivers, chequers_serial_rivers_room_b,
          chequers_serial_rivers_micro_b, chequers_serial_rivers_room_b,
          chequers_serial_rivers_micro_d, chequers_serial_rivers_room_b,
          chequers_serial_rivers_marsh, hangedman_abyss_or_decor_slice,
          minmay_tree_intersection, serial_bayou_lagoon_b, uniq_gastronok
Temple:   regret_index_temple_sphere_string

Skill      XL: |  1  2  3  4  5  6  7  8  9 |
---------------+----------------------------+-----
Ice Magic      | 5 6 7 9 10 11 | 11.9
Spellcasting   | 3 4 5 6 8 9 |  9.4
Dodging        | |  2.1
Stealth        | |  1.7

Action                   |  1- 3 |  4- 6 |  7- 9 || total
-------------------------+-------+-------+-------++-------
Melee: Unarmed           |     3 |       |       ||     3
       Staff             |       |    28 |    22 ||    50
       Rapier            |       |       |    79 ||    79
       Punch             |       |       |     2 ||     2
 Cast: Freeze            |    47 |    75 |    68 ||   190
       Ozocubu's Armour  |     2 |     1 |    26 ||    29
       Frozen Ramparts   |       |       |    25 ||    25
       Hailstorm         |       |       |     9 ||     9
 Abil: Hop               |     1 |       |    11 ||    12
Evoke: Wand              |       |       |     9 ||     9
  Use: Potion            |       |     2 |     7 ||     9
       Scroll            |       |     4 |    10 ||    14
 Stab: Sleeping          |       |       |     1 ||     1
Armor: Robe              |     4 |     6 |    68 ||    78
       Skin              |       |    22 |       ||    22
Dodge: Dodged            |    31 |    43 |   114 ||   188
Block: Other             |       |       |    24 ||    24
       Reflection        |       |       |     1 ||     1
